cohdb
Replays
Latest Replays
All Replays
Popular Replays
Top Player Replays
Match Explorer
How It Works
Community
CoH3 Stats
Reddit
Sign in to upload your games and track your stats! →
Sign in with Steam
Match 41220086
Unlisted
Match 41220086
Overview
Messages
Build Orders
End
Construct Barracks
Selects Advanced Infantry Battlegroup
Riflemen Squad
Riflemen Squad
Riflemen Squad
Grenade Package
Infantry Support Center
Selects Convert to Ranger Squad
Construct Medical Station
Construct Weapon Support Center
Selects Frontline Medical Station
Bazooka Squad
Bazooka Squad
M1918 Browning Automatic Rifles
M1 Mortar Team
Advanced Logistics
LC66
bobik
カルト_くん
mongman
0
0
Comments
sign in to comment!
No comments posted yet!